 Dungeon Crawl Stone Soup version 0.31-a0-662-g684573625c (webtiles) character file.

Game seed: 9904427586361568613

1918555 Majang the Wrestler (level 27, 360/360 HPs)
             Began as a Naga Shapeshifter on Aug 16, 2023.
             Was the Champion of Cheibriados.
             Escaped with the Orb
             ... and 3 runes on Sept 1, 2023!
             The game lasted 06:56:49 (55300 turns).

Majang the Wrestler (Naga Shapeshifter)            Turns: 55300, Time: 06:56:49

Health: 360/360    AC: 35    Str: 57    XL:     27
Magic:  28/28      EV: 25    Int: 24    God:    Cheibriados [******]
Gold:   4610       SH:  0    Dex: 25    Spells: 26/26 levels left

rFire   + +          .
                       - Unarmed
rCold   + . .        (no shield)
rNeg    + + .        F - melded +0 troll leather armour
rPois   ∞            (no helmet)
rElec   +            u - scarf {rC+ rF+}
rCorr   +            e - melded +1 pair of gloves "Vualil" {*Slow Str+5}
SInv    +            J - melded +3 barding
Will    ++++.        A - amulet of regeneration
Stlth   +++          I - ring "Seythrocoe" {rN+ Str+6}
HPRegen 1.60/turn    l - ring "Ifoaky" {rF+ Will+ rCorr Str+5}
MPRegen 0.21/turn

%: no passive effects
@: statue-form, studying Polearms, very slow
A: slow and powerful, torment resistance 1, boosted hp, AC +9, large, see
invisible, deformed body, poison resistance, (slowness 2), spit poison 1, naga
tail 2, clumsy 1, deterioration 1, low MP 1, mutation resistance 1, screaming 1
0: Orb of Zot
}: 3/15 runes: barnacled, abyssal, gossamer
a: Spit Poison, Begin Untransformation, Renounce Religion, Bend Time, Temporal
Distortion, Slouch, Step From Time


You escaped.
You worshipped Cheibriados.
Cheibriados was exalted by your worship.
You were a living statue of rough stone.
You visited 10 branches of the dungeon, and saw 46 of its levels.
You visited the Abyss 1 time.
You also visited: Sewer, Gauntlet, Volcano and Desolation.

You collected 9593 gold pieces.
You spent 4983 gold pieces at shops.

Inventory:

Armour
 e - the +1 pair of gloves "Vualil" (melded) {*Slow Str+5}
   (You bought it in a shop on level 1 of the Orcish Mines)

   Str+5:     It affects your strength (+5).
   *Slow:     It may slow you when you take damage.
 q - a +2 helmet
 u - a scarf of resistance (worn)
 F - a +0 troll leather armour (melded)
 J - a +3 barding (melded)
Jewellery
 l - the ring "Ifoaky" (right fist) {rF+ Will+ rCorr Str+5}
   (You found it on level 4 of the Shoals)

   [ring of resist corrosion]

   Str+5:     It affects your strength (+5).
   rF+:       It protects you from fire.
   Will+:     It increases your willpower.
   rCorr:     It protects you from acid and corrosion.
 n - a ring of ice
 A - an amulet of regeneration (around neck)
 G - an amulet of reflection
 I - the ring "Seythrocoe" (left fist) {rN+ Str+6}
   (You took it off a servant of whispers in the Desolation of Salt)

   [ring of strength]

   Str+6:     It affects your strength (+6).
   rN+:       It protects you from negative energy.
Talismans
 y - a granite talisman (active)
 D - a dragon-blood talisman
Wands
 d - a wand of mindburst (16)
 h - a wand of digging (10)
 p - a wand of quicksilver (25)
 z - a wand of polymorph (24)
 B - a wand of roots (5)
 C - a wand of flame (73)
Scrolls
 b - 10 scrolls of fog
 g - a scroll of revelation
 j - 23 scrolls of teleportation
 m - 3 scrolls of blinking
 t - a scroll of butterflies
 w - 10 scrolls of fear
 x - 2 scrolls of immolation
 P - 3 scrolls of noise
 R - 2 scrolls of poison
 T - 2 scrolls of silence
Potions
 c - 15 potions of heal wounds
 f - 8 potions of invisibility
 i - 9 potions of might
 k - 4 potions of enlightenment
 o - 11 potions of magic
 r - 9 potions of lignification
 v - 7 potions of attraction
 H - a potion of berserk rage
 N - 20 potions of curing
 S - 5 potions of resistance
 U - 9 potions of ambrosia
Miscellaneous
 s - a phantom mirror
 L - a lightning rod (4/4)
 M - a box of beasts
 V - a tin of tremorstones (2/2)


   Skills:
 * Level 21.9 Fighting
 + Level 17.3 Dodging
 + Level 22.5 Stealth
 * Level 24.8 Unarmed Combat
 - Level 12.0 Invocations
 + Level 16.8 Evocations
 * Level 23.2 Shapeshifting


You had 26 spell levels left.
You didn't know any spells.
Your spell library contained the following spells:

 Spells                   Type           Power      Damage    Failure   Level
 Foxfire                  Conj/Fire      0%         2x1d4     14%         1
 Freeze                   Ice            0%         1d3       14%         1
 Kiss of Death            Conj/Necr      0%         2d5       14%         1
 Magic Dart               Conj           0%         1d3       14%         1
 Necrotise                Necr           0%         1d4       14%         1
 Shock                    Conj/Air       0%         1d3       14%         1
 Summon Small Mammal      Summ           0%         N/A       14%         1
 Blink                    Tloc           0%         N/A       22%         2
 Cigotuvi's Dreadful Rot  Necr/Pois/Air  0%         N/A       22%         2
 Ensorcelled Hibernation  Hex/Ice        0%         N/A       22%         2
 Lesser Beckoning         Tloc           0%         N/A       22%         2
 Momentum Strike          Conj/Tloc      0%         3d8       22%         2
 Poisonous Vapours        Pois/Air       0%         N/A       22%         2
 Wereblood                Tmut           0%         N/A       22%         2
 Call Canine Familiar     Summ           0%         N/A       41%         3
 Dazzling Flash           Conj/Hex       0%         N/A       41%         3
 Frozen Ramparts          Ice            0%         1d1       41%         3
 Ignite Poison            Fire/Tmut/Pois 0%         N/A       41%         3
 Inner Flame              Hex/Fire       0%         N/A       41%         3
 Ozocubu's Armour         Ice            0%         N/A       41%         3
 Portal Projectile        Hex/Tloc       0%         N/A       41%         3
 Stone Arrow              Conj/Erth      0%         3d7       41%         3
 Summon Guardian Golem    Hex/Summ       0%         N/A       41%         3
 Swiftness                Air            0%         N/A       41%         3
 Vampiric Draining        Necr           0%         2d6       41%         3
 Airstrike                Air            0%         2d(0-16)  82%         4
 Anguish                  Hex/Necr       0%         N/A       82%         4
 Animate Armour           Summ/Erth      0%         N/A       82%         4
 Animate Dead             Necr           0%         N/A       82%         4
 Cause Fear               Hex            0%         N/A       82%         4
 Dispel Undead            Necr           0%         3d6       82%         4
 Iskenderun's Mystic Bla  Conj/Tloc      0%         2d3       82%         4
 Leda's Liquefaction      Hex/Erth       0%         N/A       82%         4
 Passage of Golubria      Tloc           0%         N/A       82%         4
 Petrify                  Tmut/Erth      0%         N/A       82%         4
 Summon Lightning Spire   Summ/Air       0%         N/A       82%         4
 Vhi's Electric Charge    Tloc/Air       0%         N/A       82%         4
 Agony                    Necr           0%         N/A       99%         5
 Arcjolt                  Conj/Air       0%         1d10      99%         5
 Borgnjor's Vile Clutch   Necr/Erth      0%         N/A       99%         5
 Fireball                 Conj/Fire      0%         3d3       99%         5
 Freezing Cloud           Conj/Ice/Air   0%         6-21      99%         5
 Irradiate                Conj/Tmut      0%         3d11      99%         5
 Iskenderun's Battlesphe  Conj           0%         2d6       99%         5
 Lee's Rapid Deconstruct  Erth           0%         3d4*      99%         5
 Metabolic Englaciation   Hex/Ice        0%         N/A       99%         5
 Silence                  Hex/Air        0%         N/A       99%         5
 Yara's Violent Unravell  Hex/Tmut       0%         3d3       99%         5
 Conjure Ball Lightning   Conj/Air       0%         3x3d6     100%        6
 Death Channel            Necr           0%         N/A       100%        6
 Leda's Unmaking          Conj/Erth      0%         9d1       100%        6
 Plasma Beam              Fire/Air       0%         2x1d10    100%        6
 Simulacrum               Ice/Necr       0%         N/A       100%        6
 Summon Cactus Giant      Summ           0%         N/A       100%        6
 Enfeeble                 Hex            0%         N/A       100%        7
 Haunt                    Necr/Summ      0%         N/A       100%        7
 Monstrous Menagerie      Summ           0%         N/A       100%        7
 Ozocubu's Refrigeration  Ice            0%         4d7       100%        7
 Spellforged Servitor     Conj/Summ      0%         N/A       100%        7
 Summon Hydra             Summ           0%         N/A       100%        7
 Discord                  Hex            0%         N/A       100%        8
 Disjunction              Tloc           0%         N/A       100%        8
 Infestation              Necr           0%         N/A       100%        8
 Lehudib's Crystal Spear  Conj/Erth      0%         10d2      100%        8
 Summon Horrible Things   Summ           0%         N/A       100%        8
 Dragon's Call            Summ           0%         N/A       100%        9
 Sublimation of Blood     Necr           Unusable   N/A       N/A         2

Dungeon Overview and Level Annotations

Branches:
Dungeon (15/15)            Temple (1/1) D:4            Lair (5/5) D:11
 Shoals (4/4) Lair:2       Spider (4/4) Lair:2        Slime (0/5) Lair:4
    Orc (2/2) D:12            Elf (2/3) Orc:2        Vaults (4/5) D:13
  Crypt (0/3) Vaults:3     Depths (4/4) D:15            Zot (5/5) Depths:4
  Sewer (visited)         Volcano (visited)         Desolation (visited)
Gauntlet (visited)

Altars:
Ashenzari
Cheibriados
Dithmenos
Elyvilon
Fedhas
Gozag
Hepliaklqana
Kikubaaqudgha
Makhleb
Nemelex Xobeh
Okawaru
Qazlal
Ru
Sif Muna
Trog
Uskayaw
Vehumet
Wu Jian
Xom
Yredelemnul
Zin
The Shining One

Shops:
D:6 (   D:7 =   D:9 **[   D:12 (   D:13 [   Orc:1 !?[[*   Orc:2 :(![
Shoals:2 *   Shoals:4 =   Vaults:2 (   Depths:1 (!

Portals:
Hell: Depths:1 Depths:2 Depths:3 Depths:4
Abyss: Depths:2 Depths:3
Pandemonium: Depths:2
Ziggurat: Depths:1


Innate Abilities, Weirdness & Mutations

You are a living statue of rough stone.
Your actions are slow, but your melee attacks are powerful.
You are resistant to unholy torment.
Your maximum health is greatly increased.
Your equipment is partially melded.
((Your serpentine skin is tough. (AC +9)))
You are immune to poison.
You have supernaturally acute eyesight. (SInv)
Armour fits poorly on your strangely shaped body.
Your system is resistant to poisons. (rPois)
((You cover ground very slowly.))
You can spit poison.
You can use your snake-like lower body to constrict enemies.
You are clumsy. (Dex -2)
Your body sometimes deteriorates upon taking damage.
Your magical capacity is low. (-10% MP)
You are somewhat resistant to further mutation.
You occasionally shout uncontrollably at your foes.


Message History

The Executioner misses you. The Executioner hits you.
The Executioner misses you. The Executioner hits you!
The Executioner hits you but does no damage.
The Executioner misses you.
The Executioner hits you but does no damage.
The Executioner completely misses you.
The Executioner hits you but does no damage.
You pulverise the Executioner!!!!
You kill the Executioner!
Cheibriados thoroughly appreciates the change of pace.
Aiming: Dig
Press: ? - help, Shift-Dir - straight line A rock wall.
This square is covered in magical glow.
The rock shatters into small pieces.
There is a stone staircase leading up here.
You climb upwards.
There is a stone staircase leading down here.
A soul eater comes into view.
You squash the soul eater like an ant!!!!
You kill the soul eater!
Cheibriados appreciates the change of pace.
Your life force feels restored.
A Brimstone Fiend comes into view.
You pound the Brimstone Fiend into fine dust!!!!
Your grab misses the Brimstone Fiend.
The Brimstone Fiend is almost dead.
You hear a shout!
You pummel the Brimstone Fiend like a punching bag!!!!
You kill the Brimstone Fiend!
Cheibriados appreciates the change of pace.
A neqoxec comes into view.
The neqoxec gestures at you.
Something tries to feed on your intellect!
There is a stone staircase leading up here.
You climb upwards.
There is a stone staircase leading down here.
There is an open door here.
There is a staircase leading out of the dungeon here.
You have escaped!

#.#.....#.##### #.#.##.)#.#
#.#.......######
#####.......####....
#.....####.## #....
###.########.# #....
#...#.#......# #....
#.###.###.##.# #....
#.'..8..'.##.# ###.#
#######.######## ##.#
#.............# ##...
########.#####.#########.#.#
######.....##.#####.##...........
.......#####.........###..###..##
.#...#.#########.#######..###....
.....>....'...........+..........
.#.....##.######.#######..###....


There were no monsters in sight!

Vanquished Creatures
  A dread lich (Zot:5)
  An ancient lich (Zot:3)
  6 orbs of fire
  A pandemonium lord (Zot:3)
  8 Killer Klowns
  Bai Suzhen (Shoals:3)
  2 curse toes
  A profane servitor (Zot:3)
  8 golden dragons
  Arachne (Spider:2)
  7 bone dragons
  A Brimstone Fiend (D:2)
  2 hellephants (Abyss:3)
  3 electric golems
  2 Hell Sentinels
  Mlioglotl (Shoals:3)
  12 tentacled monstrosities
  A deep elf blademaster (Elf:2)
  An Ice Fiend (D:11)
  2 liches (Abyss:3)
  5 quicksilver dragons
  26 Orb Guardians
  8 death cobs
  2 Executioners
  Polyphemus (Shoals:2)
  5 sphinxes
  13 tentacled starspawn (Abyss:3)
  Frances (Shoals:2)
  6 shadow dragons
  2 tengu reavers
  Roxanne (Spider:1)
  20 storm dragons
  A daeva (Abyss:3)
  Aizul (Spider:4)
  A nagaraja (Abyss:3)
  6 draconian knights
  9 draconian monks
  2 iron dragons (Depths:4)
  3 deep elf sorcerers
  2 imperial myrmidons (Desolation)
  10 vault wardens
  8 fire giants
  Ilsuiw (Shoals:2)
  6 frost giants
  A shard shrike simulacrum (Abyss:3)
  8 ghost moths
  2 emperor scorpions
  Louise (Depths:2)
  4 draconian scorchers
  11 draconian shifters
  5 balrugs
  An angel (Depths:4)
  6 draconian stormcallers
  A juggernaut zombie (Abyss:3)
  3 cacodemons
  4 reapers
  5 orc warlords
  9 draconian annihilators
  A juggernaut skeleton (Abyss:3)
  28 very ugly things
  12 ironbound preservers
  A demonspawn corrupter (D:7)
  7 formless jellyfish
  3 war gargoyles (Vaults:4)
  4 ironbound thunderhulks
  A demonspawn black sun (D:7)
  6 vampire knights
  10 stone giants
  10 green draconians
  12 broodmothers
  A bunyip (shapeshifter) (Depths:2)
  10 black draconians
  A halazid warlock (Desolation)
  A deep elf annihilator (Elf:2)
  A minotaur (Gauntlet)
  20 white draconians
  The ghost of Voker57 the Fighter, a journeyman DsMo of Hepliaklqana (Lair:5)
  80 starcursed masses (Abyss:3)
  15 yellow draconians
  4 dire elephants
  2 lorocyprocas
  The ghost of Seven7 the Severer, a journeyman MiFi of Gozag (Lair:2)
  7 purple draconians
  8 blizzard demons
  13 red draconians
  12 spark wasps
  The ghost of Qioq the Marksspriggan, a journeyman SpHu of Hepliaklqana (Orc:1)
  A deep elf death mage (Elf:1)
  The ghost of Tinttamiau the Fighter, a journeyman TrDe of Cheibriados (D:12)
  12 fire dragons
  2 green deaths
  9 ettins
  7 ragged hierophants (Desolation)
  11 merfolk impalers
  5 deep elf high priests
  12 servants of whispers (Desolation)
  7 yaktaur captains
  7 great orbs of eyes
  3 crystal guardians
  6 merfolk javelineers
  7 entropy weavers
  4 catoblepae
  A hydra (shapeshifter) (Depths:4)
  10 hydras
  4 rakshasas
  A vault guard (Vaults:3)
  5 ice dragons
  21 peacekeepers
  A spriggan skeleton (Abyss:3)
  2 hell beasts
  A merfolk avatar (Shoals:1)
  6 spriggan air magi
  A radroach (Spider:4)
  A death knight (Abyss:3)
  7 boulder beetles
  2 ogre magi (Orc:2)
  12 two-headed ogres
  3 merfolk aquamancers
  11 ironbound frosthearts
  12 centaur warriors
  2 alligator snapping turtles
  11 deep troll shamans
  16 death yaks
  23 dancing weapons
  5 satyrs
  A two-headed ogre (shapeshifter) (Vaults:2)
  2 tengu warriors
  14 demonic crawlers
  A hell hog (Abyss:3)
  3 soul eaters
  5 deep troll earth magi
  5 orc high priests
  Nergalle (Orc:2)
  A shock serpent (shapeshifter) (D:10)
  5 thrashing horrors (Abyss:3)
  14 hell knights
  8 spriggan berserkers
  21 deep elf knights
  6 iron trolls (Depths:3)
  The ghost of hitsuchi the Covert, a journeyman SpEn of Lugonu (D:11)
  7 pharaoh ants
  4 sixfirhies
  4 sun demons
  11 wretched stars (Abyss:3)
  6 skysharks
  A spatial maelstrom (Abyss:3)
  A fire crab (shapeshifter) (Elf:2)
  3 sun moths
  A skeletal warrior (D:10)
  3 glowing orange brains
  11 sea snakes
  A shadow demon (D:7)
  3 flayed ghosts
  11 orb spiders
  2 swamp dragons (Abyss:3)
  56 deep trolls
  14 deep elf archers
  26 ironbound convokers
  3 phantasmal warriors
  A kraken simulacrum (Shoals:4)
  7 wizards
  2 obsidian statues
  10 steelbarb worms
  16 deep elf zephyrmancers
  A necromancer (Depths:4)
  8 lindwurms
  10 harpies
  18 orc knights
  10 orc sorcerers
  22 wolf spiders
  13 fauns
  4 cyclopes
  An oklob plant (Lair:4)
  A will-o-the-wisp (Abyss:3)
  24 deep elf pyromancers
  3 salamanders (Volcano)
  32 ugly things
  36 moths of wrath
  22 manticores
  20 elephants
  5 worldbinders (Abyss:3)
  A dire elephant zombie (Abyss:3)
  20 vault sentinels
  14 merfolk sirens
  7 torpor snails
  5 guardian serpents
  5 orange demons
  5 water nymphs
  3 rust devils
  13 smoke demons
  2 black mambas (Lair:5)
  10 cane toads
  A gargoyle (D:11)
  3 molten gargoyles (Desolation)
  3 apocalypse crabs (Abyss:3)
  9 unseen horrors
  A hellion (Depths:2)
  A kobold demonologist (Abyss:3)
  3 rime drakes
  2 ice devils (Depths:1)
  An efreet (D:13)
  28 yaktaurs
  19 komodo dragons
  Maggie (Lair:2)
  2 red devils (Depths:1)
  7 tengu conjurers
  3 ancient zymes (Abyss:3)
  5 meliai
  A polar bear (Lair:4)
  6 wind drakes
  10 hornets
  26 merfolk
  A queen bee (shapeshifter) (Abyss:3)
  18 trolls
  79 saltlings (Desolation)
  8 hellwings
  27 tarantellas
  15 raiju (Abyss:3)
  A blink frog (Abyss:3)
  14 dream sheep
  24 flying skulls
  14 snapping turtles
  46 slime creatures
  Sigmund (D:3)
  2 air elementals (Elf:2)
  25 culicivoras
  15 small abominations
  14 spriggans
  25 jumping spiders
  A centaur simulacrum (D:14)
  5 vampires
  3 wraiths
  3 shadows
  45 yaks
  12 ynoxinuls
  11 wyverns
  23 water elementals
  4 fire elementals
  11 fire bats (Volcano)
  5 basilisks
  40 redbacks
  5 chaos spawn
  4 steam dragons
  14 neqoxecs
  21 large abominations (Abyss:3)
  8 vampire mosquitoes
  2 swamp worms (shapeshifter)
  8 wargs
  13 water moccasins
  An acid dragon (D:8)
  A hell hound (Abyss:3)
  Pargi (Sewer)
  37 orc warriors
  2 sky beasts (D:6)
  4 black bears
  8 ogres
  20 wolves
  13 centaurs
  2 kobold brigands
  3 phantoms
  10 bullfrogs
  A gnoll sergeant (D:10)
  2 earth elementals
  3 scorpions
  9 wights
  11 killer bees (D:9)
  2 vampire bats (D:13)
  3 howler monkeys (D:10)
  5 electric eels (Lair:5)
  4 quasits
  2 gnoll boudas (D:10)
  4 jellies
  26 orc priests
  A hound (D:7)
  An iron imp (Abyss:3)
  3 sleepcaps
  Ijyb (D:3)
  An iguana (D:4)
  Natasha (thrice) (D:4)
  38 orc wizards
  4 hell rats (Lair:2)
  Robin (D:3)
  12 gnolls
  7 adders
  A shadow imp (D:8)
  4 ufetubi (Abyss:3)
  A dart slug (D:3)
  78 orcs
  10 bats
  An endoplasm (D:1)
  A giant cockroach (D:2)
  17 goblins
  14 hobgoblins
  8 jackals (D:5)
  18 kobolds
  4 quokkas
  8 ball pythons
  9 frilled lizards
  6 rats
  A lurking horror (Abyss:3)
  10 starspawn tentacles (Abyss:3)
2531 creatures vanquished.

Vanquished Creatures (others)
  A deep elf knight (Elf:2)
  A wizard (Vaults:3)
  A deep elf pyromancer (Elf:2)
  A deep elf zephyrmancer (Elf:1)
  A merfolk (Shoals:4)
  A polar bear (Lair:5)
  2 foxfires (Abyss:3)
  25 starspawn tentacles (Abyss:3)
  7 tentacles (Shoals:4)
40 creatures vanquished.

Grand Total: 2571 creatures vanquished

Notes
Turn   | Place    | Note
-------+----------+-------------------------------------------
     0 | D:1      | Majang the Naga Shapeshifter began the quest for the Orb.
     0 | D:1      | Reached XP level 1. HP: 18/18 MP: 1/1
   132 | D:1      | Reached XP level 2. HP: 25/25 MP: 2/2
   377 | D:1      | Reached XP level 3. HP: 29/31 MP: 3/3
  1317 | D:2      | Found a glowing golden altar of the Shining One.
  1561 | D:3      | Found a glowing drain.
  1574 | Sewer    | Entered a sewer
  1590 | Sewer    | Noticed Pargi
  1605 | Sewer    | Killed Pargi
  1606 | Sewer    | Reached skill level 4 in Unarmed Combat
  1606 | Sewer    | Reached XP level 4. HP: 29/38 MP: 4/4
  1606 | Sewer    | Reached XP level 5. HP: 34/44 MP: 5/5
  1840 | D:3      | Found a faded altar of an unknown god.
  1987 | D:3      | Noticed Ijyb
  2102 | D:3      | HP: 1/42 [Ijyb/bolt of dispelling energy (19)]
  2107 | D:3      | Killed Ijyb
  2348 | D:3      | Noticed Robin
  2352 | D:3      | Killed Robin
  2353 | D:3      | Reached skill level 5 in Unarmed Combat
  2353 | D:3      | Reached XP level 6. HP: 49/49 MP: 6/6
  2391 | D:3      | Found a glowing golden altar of the Shining One.
  2508 | D:3      | Noticed Sigmund
  2520 | D:3      | Killed Sigmund
  2521 | D:3      | Reached skill level 1 in Stealth
  2677 | D:3      | Reached skill level 1 in Evocations
  2739 | D:3      | Found a broken altar of Ashenzari.
  2891 | D:4      | Reached XP level 7. HP: 20/58 MP: 7/7
  3026 | D:4      | Noticed Natasha
  3034 | D:4      | Reached skill level 5 in Shapeshifting
  3036 | D:4      | Killed Natasha
  3066 | D:4      | Identified the +1 robe of Cowardice {*Slow rPois rC++ rN+}
  3078 | D:4      | Found a staircase to the Ecumenical Temple.
  3079 | D:4      | Found a burning altar of Makhleb.
  3090 | Temple   | Entered the Ecumenical Temple
  3095 | Temple   | Became a worshipper of Cheibriados the Contemplative
  3606 | D:4      | Noticed Natasha
  3614 | D:4      | Killed Natasha
  3887 | D:4      | Noticed Natasha
  3896 | D:4      | Killed Natasha
  3897 | D:4      | Reached skill level 1 in Invocations
  3926 | D:5      | Entered Level 5 of the Dungeon
  4031 | D:5      | Reached * piety under Cheibriados
  4083 | D:5      | Reached XP level 8. HP: 66/67 MP: 8/8
  4151 | D:5      | Reached skill level 6 in Unarmed Combat
  4584 | D:5      | Reached ** piety under Cheibriados
  4694 | D:5      | Found the +7 staff of the Meek {protect, meekguard}
  4733 | D:5      | Found an ancient bone altar of Kikubaaqudgha.
  4978 | D:6      | Found Dujopt's Weapon Emporium.
  5023 | D:6      | Identified the +2 robe of Vynnosut {Rampage rC- Str+3}
  5198 | D:6      | Found a shimmering altar of Xom.
  5484 | D:6      | Found a sparkling altar of Nemelex Xobeh.
  5765 | D:6      | Found a bloodstained altar of Trog.
  5834 | D:6      | Upgraded the game from 0.31-a0-549-gf98fd537a9 to
                  | 0.31-a0-559-g03b8d61ab2
  6006 | D:7      | Found Nela Cys's Jewellery Emporium.
  6046 | D:7      | Reached XP level 9. HP: 51/76 MP: 9/11
  6223 | D:7      | Bought a +4 ring of protection for 396 gold pieces
  6257 | D:7      | Identified the +9 spear of Collusion {heavy, rF+ Int+4}
  6278 | D:7      | Reached skill level 7 in Unarmed Combat
  6320 | D:7      | Reached skill level 5 in Stealth
  6638 | D:7      | Reached *** piety under Cheibriados
  7329 | D:8      | Found a large runed translucent door.
  7332 | D:8      | Found a large runed translucent door.
  7469 | D:8      | Identified the +12 shortbow of Dim Light {drain, Int+3}
  7677 | D:8      | Found a hazy altar of Hepliaklqana.
  7691 | D:8      | Found a basalt altar of Yredelemnul.
  7741 | D:9      | Noticed a troll
  7746 | D:9      | Killed a troll
  7757 | D:9      | Reached XP level 10. HP: 62/85 MP: 12/12
  7846 | D:9      | Found Pithall's General Store.
  7854 | D:9      | Bought a potion of curing for 42 gold pieces
  7939 | D:9      | Reached skill level 8 in Unarmed Combat
  7952 | D:9      | Reached **** piety under Cheibriados
  8261 | D:9      | Found Dawiddi's Antique Armour Emporium.
  8301 | D:9      | Found Gopaer's General Store.
  8370 | D:9      | Noticed a green ugly thing
  8658 | D:9      | Noticed a two-headed ogre
  8667 | D:9      | Killed a two-headed ogre
  8717 | D:9      | Reached skill level 5 in Fighting
  8989 | D:10     | Entered Level 10 of the Dungeon
  9039 | D:10     | Reached ***** piety under Cheibriados
  9283 | D:10     | Reached skill level 5 in Invocations
  9373 | D:10     | Reached XP level 11. HP: 96/96 MP: 14/14
  9389 | D:10     | Reached skill level 5 in Evocations
  9416 | D:10     | Reached skill level 9 in Unarmed Combat
  9737 | D:10     | Noticed a two-headed ogre
  9739 | D:10     | Noticed a catoblepas
  9740 | D:10     | Noticed a skeletal warrior
  9750 | D:10     | Killed a two-headed ogre
  9766 | D:10     | Killed a skeletal warrior
  9802 | D:10     | Killed a catoblepas
  9873 | D:10     | Noticed a brown ugly thing
  9873 | D:10     | Noticed a shining eye
  9884 | D:10     | a shining eye changed into a shock serpent
  9884 | D:10     | Noticed a shock serpent (shapeshifter)
  9885 | D:10     | Killed a cyan ugly thing
  9886 | D:10     | Reached skill level 5 in Dodging
  9893 | D:10     | Killed a shock serpent
  9919 | D:10     | Identified the +0 robe "Yjughyag" {Int+4 Dex+4}
  9971 | D:10     | Got the Atlas of Hyperbolic Apparitions
  9972 | D:10     | Upgraded the game from 0.31-a0-559-g03b8d61ab2 to
                  | 0.31-a0-569-g7ea453304b
 10018 | D:11     | Found a transporter.
 10159 | D:11     | Found a transporter.
 10165 | D:11     | Noticed a manticore
 10167 | D:11     | Noticed a boulder beetle
 10168 | D:11     | Noticed a two-headed ogre
 10170 | D:11     | Noticed a six-headed hydra
 10211 | D:11     | Noticed a two-headed ogre
 10218 | D:11     | Killed a two-headed ogre
 10260 | D:11     | Noticed a two-headed ogre
 10263 | D:11     | Reached skill level 10 in Unarmed Combat
 10268 | D:11     | Killed a two-headed ogre
 10269 | D:11     | Reached XP level 12. HP: 94/106 MP: 11/16
 10370 | D:11     | You fall into a shaft and drop 3 floors!
 10476 | D:12     | Noticed a two-headed ogre
 10679 | D:11     | Noticed hitsuchi's ghost (journeyman SpEn)
 10697 | D:11     | Found a staircase to the Lair.
 10850 | Lair:1   | Entered Level 1 of the Lair of Beasts
 10938 | Lair:1   | Found a dark tunnel.
 10947 | Volcano  | Entered a volcano
 10949 | Volcano  | Noticed a two-headed ogre
 10950 | Volcano  | Noticed a two-headed ogre
 10962 | Volcano  | Killed a two-headed ogre
 10967 | Volcano  | Killed a two-headed ogre
 10968 | Volcano  | Reached skill level 10 in Stealth
 11105 | Volcano  | Reached ****** piety under Cheibriados
 11478 | Volcano  | Noticed a two-headed ogre
 11488 | Volcano  | Killed a two-headed ogre
 11547 | Volcano  | Reached skill level 11 in Unarmed Combat
 11585 | Volcano  | Noticed a two-headed ogre
 11609 | Volcano  | Killed a two-headed ogre
 11677 | Volcano  | Gained mutation: You can use your snake-like lower body to
                  | constrict enemies. [Naga growth]
 11677 | Volcano  | Reached XP level 13. HP: 111/115 MP: 18/18
 11690 | Volcano  | Noticed a fire dragon
 11705 | Volcano  | Killed a fire dragon
 11781 | Volcano  | Identified the +2 pair of boots of Pantheism {rElec Int+2}
 12491 | Lair:2   | Reached skill level 10 in Shapeshifting
 12789 | Lair:2   | Found a runed translucent gate.
 12807 | Lair:2   | Found a runed translucent gate.
 12808 | Lair:2   | Found a runed translucent gate.
 12810 | Lair:2   | Noticed Seven7's ghost (journeyman MiFi)
 12836 | Lair:2   | Reached skill level 12 in Unarmed Combat
 12855 | Lair:2   | Found a hole to the Spider Nest.
 12978 | Lair:2   | Noticed Maggie
 12987 | Lair:2   | Killed Maggie
 13033 | Lair:2   | Found a staircase to the Shoals.
 13275 | Lair:2   | Upgraded the game from 0.31-a0-569-g7ea453304b to
                  | 0.31-a0-614-gc85dc1c48c
 14125 | Lair:4   | Reached XP level 14. HP: 127/127 MP: 20/20
 14335 | Lair:4   | Found a blossoming altar of Fedhas.
 14904 | Lair:4   | Found a staircase to the Slime Pits.
 15288 | Lair:5   | Entered Level 5 of the Lair of Beasts
 15493 | Lair:5   | Reached skill level 13 in Unarmed Combat
 15870 | Lair:5   | Found a transporter.
 15936 | Lair:5   | Found a bloodstained altar of Trog.
 15936 | Lair:5   | Noticed Voker57's ghost (journeyman DsMo)
 15948 | Lair:5   | Found a transporter.
 16179 | Lair:5   | Killed Voker57's ghost
 16210 | Lair:5   | Identified a scroll of acquirement
 16259 | Lair:5   | Acquired 991 gold pieces
 16416 | Lair:5   | Reached XP level 15. HP: 111/138 MP: 20/22
 16426 | Lair:5   | Reached skill level 10 in Fighting
 16828 | D:12     | Found an iron altar of Okawaru.
 16886 | D:12     | Found Reycoun's Weapon Boutique.
 16888 | D:12     | Found a staircase to the Orcish Mines.
 16975 | D:12     | Noticed an orc warlord
 16994 | D:12     | Killed an orc warlord
 17664 | D:12     | Noticed Tinttamiau's ghost (journeyman TrDe)
 17665 | D:12     | Found a runed translucent gate.
 17665 | D:12     | Found a runed translucent gate.
 17665 | D:12     | Found a runed translucent gate.
 17702 | D:12     | Killed Tinttamiau's ghost
 18034 | D:12     | Identified the staff of the Ecumenical Temple {*Slow rPois
                  | rF+++ Int+5 Dex-2 Poison}
 18097 | D:12     | Identified the +5 long sword "Weocaff" {freeze, +Blink
                  | Will+}
 18203 | Orc:1    | Entered Level 1 of the Orcish Mines
 18238 | Orc:1    | Found Toseinas's Specific Store.
 18243 | Orc:1    | Found Volynuer's General Store.
 18247 | Orc:1    | Bought a potion of experience for 700 gold pieces
 18247 | Orc:1    | Reached XP level 16. HP: 147/147 MP: 23/23
 18252 | Orc:1    | Bought a wand of roots (2) for 67 gold pieces
 18283 | Orc:2    | Entered Level 2 of the Orcish Mines
 18284 | Orc:2    | Found Asikk's Distillery.
 18374 | Orc:2    | Found a gate leading to a gauntlet.
 18383 | Gauntlet | Entered a Gauntlet
 18383 | Gauntlet | Found a transporter.
 18389 | Gauntlet | Found a transporter.
 18393 | Gauntlet | Found a transporter.
 18398 | Gauntlet | Found a transporter.
 18404 | Gauntlet | Found a transporter.
 18408 | Gauntlet | Found a transporter.
 18416 | Gauntlet | Found a transporter.
 18420 | Gauntlet | Found a transporter.
 18427 | Gauntlet | Found a transporter.
 18436 | Gauntlet | Found a transporter.
 18439 | Gauntlet | Found a transporter.
 18444 | Gauntlet | Found a transporter.
 18447 | Gauntlet | Found a transporter.
 18497 | Gauntlet | Found a transporter.
 18553 | Gauntlet | Identified the ring "Ditwaes" {*Corrode MP+9 Int+6 SInv}
 18575 | Gauntlet | Reached skill level 14 in Unarmed Combat
 18643 | Gauntlet | Got the Grimoire of Creation
 18824 | Gauntlet | Identified the +7 shortbow of the Cursing Spider {flame,
                  | +Blink rPois}
 18830 | Gauntlet | Reached skill level 10 in Invocations
 18834 | Gauntlet | Identified the staff "Jieplar" {Stlth+ Conj}
 19079 | Orc:1    | Noticed Qioq's ghost (journeyman SpHu)
 19102 | Orc:1    | Found Piaror's Distillery.
 19119 | Orc:1    | Found Qifurai's Magic Scroll Emporium.
 19124 | Orc:1    | Bought 2 potions of heal wounds for 130 gold pieces
 19124 | Orc:1    | Bought a potion of lignification for 39 gold pieces
 19124 | Orc:1    | Bought a potion of curing for 39 gold pieces
 19124 | Orc:1    | Bought a potion of heal wounds for 65 gold pieces
 19124 | Orc:1    | Bought a potion of resistance for 130 gold pieces
 19127 | Orc:1    | Found a transporter.
 19130 | Orc:1    | Bought a scroll of teleportation for 39 gold pieces
 19130 | Orc:1    | Bought 3 scrolls of teleportation for 117 gold pieces
 19130 | Orc:1    | Bought a scroll of fog for 52 gold pieces
 19380 | Orc:1    | Found Vykkill's Armour Emporium.
 19402 | Orc:1    | Bought the +1 pair of gloves "Vualil" {*Slow Str+5} for 278
                  | gold pieces
 19422 | Orc:1    | Found Ycahihur's Armour Emporium.
 19501 | Orc:1    | Found a transporter.
 19542 | Orc:1    | Gained mutation: You are vulnerable to heat. (rF-) [a
                  | neqoxec]
 19551 | Orc:1    | Killed Qioq's ghost
 19725 | Orc:1    | Lost mutation: You are vulnerable to heat. (rF-) [potion of
                  | mutation]
 19725 | Orc:1    | Gained mutation: You possess an exceptional clarity of
                  | mind. [potion of mutation]
 19725 | Orc:1    | Gained mutation: You occasionally lose the ability to read
                  | scrolls when taking damage. [potion of mutation]
 19725 | Orc:1    | Gained mutation: You have very sharp teeth. [potion of
                  | mutation]
 19725 | Orc:1    | Gained mutation: Your tail ends in a venomous barb. [potion
                  | of mutation]
 19869 | Orc:2    | Found a staircase to the Elven Halls.
 20007 | Orc:2    | Paralysed by an orc sorcerer for 3 turns
 20011 | Orc:2    | Found Neirikh's Antique Armour Boutique.
 20054 | Orc:2    | Found Maecuis's Book Shop.
 20084 | Orc:2    | Found an ancient bone altar of Kikubaaqudgha.
 20085 | Orc:2    | Noticed Nergalle
 20089 | Orc:2    | Killed Nergalle
 20098 | Orc:2    | Found Owaihaar's Antique Weapon Shop.
 20127 | Orc:2    | Found a radiant altar of Vehumet.
 20192 | Orc:2    | Bought a potion of heal wounds for 75 gold pieces
 20192 | Orc:2    | Bought a potion of heal wounds for 75 gold pieces
 20192 | Orc:2    | Bought a potion of heal wounds for 75 gold pieces
 20192 | Orc:2    | Bought a potion of heal wounds for 75 gold pieces
 20192 | Orc:2    | Bought 2 potions of might for 120 gold pieces
 20218 | Orc:2    | Bought 2 potions of curing for 90 gold pieces
 20218 | Orc:2    | Bought a potion of curing for 45 gold pieces
 20218 | Orc:2    | Bought a potion of curing for 45 gold pieces
 20218 | Orc:2    | Bought a potion of curing for 45 gold pieces
 20250 | Orc:2    | Bought a shiny helmet for 112 gold pieces
 20480 | D:13     | Reached XP level 17. HP: 127/157 MP: 24/24
 21073 | D:13     | Found a gate to the Vaults.
 21405 | D:13     | Found a snail-covered altar of Cheibriados.
 21408 | D:13     | Found Cheibriados's Comfort Zone.
 21709 | Spider:1 | Entered Level 1 of the Spider Nest
 21976 | Spider:1 | Reached skill level 10 in Evocations
 22139 | Spider:1 | Noticed Roxanne
 22151 | Spider:1 | You fall into a shaft and drop 1 floor!
 22663 | Spider:1 | Killed Roxanne
 23031 | Spider:2 | Noticed Arachne
 23040 | Spider:2 | Killed Arachne
 23975 | Spider:3 | Reached skill level 15 in Shapeshifting
 24322 | Spider:3 | Identified the ring of Aqenitoj {Fly Str+2}
 24337 | Spider:3 | Reached skill level 15 in Unarmed Combat
 24439 | Spider:3 | Reached XP level 18. HP: 168/168 MP: 26/26
 24850 | Spider:4 | Entered Level 4 of the Spider Nest
 25101 | Spider:4 | Got the Vademecum on Glowing Accomplices
 25443 | Spider:4 | Noticed Aizul
 25452 | Spider:4 | Killed Aizul
 25623 | Spider:4 | Reached skill level 16 in Unarmed Combat
 26319 | Spider:4 | Got a gossamer rune of Zot
 26507 | Lair:2   | Killed Seven7's ghost
 26656 | Shoals:1 | Entered Level 1 of the Shoals
 27000 | Shoals:1 | Reached XP level 19. HP: 178/178 MP: 27/27
 27705 | Shoals:2 | Noticed Frances
 27714 | Shoals:2 | Killed Frances
 27925 | Shoals:2 | Reached skill level 17 in Unarmed Combat
 27989 | Shoals:2 | Noticed Ilsuiw
 27999 | Shoals:2 | Killed Ilsuiw
 28189 | Shoals:2 | Noticed Polyphemus
 28196 | Shoals:2 | Killed Polyphemus
 28494 | Shoals:2 | Found Itux's Incredible Inventory.
 28502 | Shoals:2 | Bought a potion of invisibility for 96 gold pieces
 28711 | Shoals:2 | Upgraded the game from 0.31-a0-614-gc85dc1c48c to
                  | 0.31-a0-625-gc9c7e45f3f
 29776 | Shoals:4 | Entered Level 4 of the Shoals
 29776 | Shoals:4 | Found Ojova's Jewellery Shop.
 29856 | Shoals:4 | Noticed Mlioglotl
 29866 | Shoals:3 | Killed Mlioglotl
 29923 | Shoals:4 | Noticed Bai Suzhen
 30043 | Shoals:3 | Killed Bai Suzhen
 30777 | Shoals:4 | Reached skill level 18 in Unarmed Combat
 30808 | Shoals:4 | Bought an amulet of the acrobat for 480 gold pieces
 31283 | Shoals:4 | Reached skill level 10 in Dodging
 31504 | Shoals:4 | Got a barnacled rune of Zot
 31566 | Shoals:4 | Reached XP level 20. HP: 190/190 MP: 29/29
 31709 | Shoals:4 | Identified the ring "Ifoaky" {rF+ Will+ rCorr Str+5}
 32225 | D:15     | Entered Level 15 of the Dungeon
 33043 | D:15     | Found a staircase to the Depths.
 33827 | D:11     | Killed hitsuchi's ghost
 34004 | Elf:1    | Entered Level 1 of the Elven Halls
 34004 | Elf:1    | Found a runed translucent gate.
 34004 | Elf:1    | Found a runed translucent gate.
 34004 | Elf:1    | Found a runed translucent gate.
 34004 | Elf:1    | Found a runed translucent gate.
 34004 | Elf:1    | Found a runed translucent gate.
 34004 | Elf:1    | Found a runed translucent gate.
 34005 | Elf:1    | Found a runed translucent door.
 34019 | Elf:1    | Found a runed translucent door.
 34424 | Elf:1    | Identified the staff of Capital Punishment {rPois rF- rN+
                  | Stlth+ Poison}
 34487 | Elf:1    | Reached skill level 19 in Unarmed Combat
 35119 | Elf:1    | Found a runed translucent gate.
 35119 | Elf:1    | Found a runed translucent gate.
 35119 | Elf:1    | Found a runed translucent gate.
 35119 | Elf:1    | Found a runed translucent gate.
 35119 | Elf:1    | Found a runed translucent gate.
 35120 | Elf:1    | Found a runed translucent gate.
 35321 | Elf:2    | Identified the +7 dagger "Perph" {venom, rF+ Will+}
 35332 | Elf:2    | Identified the +4 rapier of Dissatisfaction {protect, *Rage
                  | rN+ Will+ rCorr SInv}
 35345 | Elf:2    | Paralysed by an air elemental for 1 turns
 35354 | Elf:2    | Reached skill level 15 in Fighting
 35449 | Elf:2    | Found a runed translucent gate.
 35450 | Elf:2    | Found a runed translucent gate.
 35450 | Elf:2    | Found a runed translucent gate.
 36032 | Elf:2    | Reached XP level 21. HP: 201/201 MP: 30/30
 36494 | Elf:2    | Upgraded the game from 0.31-a0-625-gc9c7e45f3f to
                  | 0.31-a0-627-gd65175cf8b
 36812 | Vaults:1 | Entered Level 1 of the Vaults
 37233 | Vaults:1 | Reached skill level 15 in Stealth
 37581 | Vaults:1 | Acquired 620 gold pieces
 37696 | Vaults:1 | Reached skill level 20 in Unarmed Combat
 38175 | Vaults:2 | Identified the +0 trident of Baroxoz {drain, SInv}
 38329 | Vaults:2 | Found Yhyin's Antique Weapon Boutique.
 39356 | Vaults:3 | Reached XP level 22. HP: 213/213 MP: 31/31
 39365 | Vaults:3 | Found a staircase to the Crypt.
 39411 | Vaults:3 | Upgraded the game from 0.31-a0-627-gd65175cf8b to
                  | 0.31-a0-636-ge1c0e020e0
 39425 | Vaults:3 | Identified the ring of Jiloyvekh {rF+ rN+ Int+7 SInv
                  | Stlth-}
 39464 | Vaults:3 | Identified the +1 war axe of Ziciq {freeze, rF+ rN+ rCorr
                  | Dex-5}
 40376 | Vaults:3 | Upgraded the game from 0.31-a0-636-ge1c0e020e0 to
                  | 0.31-a0-638-g26219f789d
 40397 | Vaults:4 | Identified the ring of Vehumet, Threshing {*Corrode Fly
                  | Will+++ Str-4 Dex+6}
 40441 | Vaults:4 | Found a crumbling gateway.
 40459 | Desolati | Entered the Desolation of Salt
 40569 | Desolati | Got the Discourse on Glamour and the Undead
 40606 | Desolati | Found the +8 frozen axe "Frostbite" {freeze, freezing
                  | cloud, *Noise Fly rC+}
 40616 | Desolati | Identified the staff of Integrity {Drain rElec rC+ rCorr
                  | Air}
 40638 | Desolati | Identified the ring "Seythrocoe" {rN+ Str+6}
 40681 | Desolati | Identified the ring of Nadacabb {rF- rCorr EV+5 Int+5
                  | Dex-5}
 40785 | Desolati | Got the Opusculum on Hurtful Vapour
 40939 | Desolati | Identified the +1 ring mail of the Heavens {rElec rPois
                  | Int+5}
 41123 | Desolati | Got the Encyclopedia of Nival Beckoning
 41132 | Desolati | Got the Writings on the Deep Freeze and Pyromancy
 41340 | Vaults:4 | Reached skill level 21 in Unarmed Combat
 41520 | Vaults:4 | Reached XP level 23. HP: 224/224 MP: 32/32
 42513 | D:9      | Bought a potion of resistance for 140 gold pieces
 42513 | D:9      | Bought a potion of heal wounds for 70 gold pieces
 42513 | D:9      | Bought a scroll of poison for 56 gold pieces
 42569 | D:9      | Bought a tin of tremorstones (2/2) for 600 gold pieces
 42569 | D:9      | Bought a scroll of immolation for 60 gold pieces
 42569 | D:9      | Bought a scroll of teleportation for 45 gold pieces
 43107 | Depths:1 | Entered Level 1 of the Depths
 43578 | Depths:1 | Found a gateway to Hell.
 43694 | Depths:1 | Found a one-way gateway to a ziggurat.
 43952 | Depths:1 | Found Zifesy's Weapon Shop.
 43954 | Depths:1 | Found Weliarphi's Distillery.
 43962 | Depths:1 | Bought a potion of curing for 39 gold pieces
 43962 | Depths:1 | Bought 2 potions of heal wounds for 130 gold pieces
 43962 | Depths:1 | Bought 2 potions of magic for 208 gold pieces
 43962 | Depths:1 | Bought a potion of magic for 104 gold pieces
 43962 | Depths:1 | Bought a potion of ambrosia for 104 gold pieces
 44372 | Depths:2 | Reached XP level 24. HP: 236/236 MP: 32/32
 44426 | Depths:2 | Found a one-way gate leading to the halls of Pandemonium.
 44442 | Depths:2 | Noticed Louise
 44453 | Depths:2 | Killed Louise
 44460 | Depths:2 | Found a one-way gate to the infinite horrors of the Abyss.
 44665 | Depths:2 | Found a shimmering altar of Xom.
 45369 | Depths:2 | Upgraded the game from 0.31-a0-638-g26219f789d to
                  | 0.31-a0-647-g38d6a14cb1
 45447 | Depths:3 | Found a hide-covered altar of Uskayaw.
 45498 | Depths:3 | Reached skill level 22 in Unarmed Combat
 45534 | Depths:3 | Reached skill level 15 in Dodging
 45534 | Depths:3 | Reached XP level 25. HP: 246/246 MP: 32/32
 45884 | Depths:3 | Identified the +8 plate armour of Surprise {Int+3}
 46307 | Depths:4 | Entered Level 4 of the Depths
 46499 | Depths:4 | Identified the +3 glaive "Jellybane" {heavy, Int+3}
 46788 | Depths:4 | Found a gate to the Realm of Zot.
 46901 | Depths:4 | Upgraded the game from 0.31-a0-647-g38d6a14cb1 to
                  | 0.31-a0-659-gc5a091b79a
 47297 | Depths:4 | Reached XP level 26. HP: 258/258 MP: 29/32
 48053 | Depths:2 | Voluntarily entered the Abyss.
 48100 | Abyss:3  | Found a corrupted altar of Lugonu.
 48100 | Abyss:3  | Found a corrupted altar of Lugonu.
 48100 | Abyss:3  | Found a corrupted altar of Lugonu.
 48217 | Abyss:3  | Gained mutation: Your magical capacity is low. (-10% MP) [a
                  | neqoxec]
 48220 | Abyss:3  | Gained mutation: Your body sometimes deteriorates upon
                  | taking damage. [a neqoxec]
 48229 | Abyss:3  | Found a corrupted altar of Lugonu.
 48358 | Abyss:3  | Paralysed by accursed screaming for 2 turns
 48374 | Abyss:3  | Paralysed by accursed screaming for 1 turns
 48485 | Abyss:3  | Found a corrupted altar of Lugonu.
 48499 | Abyss:3  | Found a corrupted altar of Lugonu.
 48616 | Abyss:3  | Found a corrupted altar of Lugonu.
 48626 | Abyss:3  | Found a corrupted altar of Lugonu.
 48626 | Abyss:3  | Found a corrupted altar of Lugonu.
 48705 | Abyss:3  | Lost mutation: Your tail ends in a venomous barb. [a
                  | neqoxec]
 48720 | Abyss:3  | Reached skill level 15 in Evocations
 48963 | Abyss:3  | Identified the scarf of the Nightingale {+Inv, Will+ Dex+8}
 49078 | Abyss:3  | Gained mutation: You occasionally shout uncontrollably at
                  | your foes. [a neqoxec]
 49107 | Abyss:3  | Reached skill level 23 in Unarmed Combat
 49179 | Abyss:3  | Gained mutation: You sometimes lose the ability to read
                  | scrolls when taking damage. [a neqoxec]
 49611 | Abyss:3  | Got an abyssal rune of Zot
 49634 | Depths:2 | Escaped the Abyss
 49722 | Zot:1    | Entered Level 1 of the Realm of Zot
 49999 | Zot:1    | Reached XP level 27. HP: 268/268 MP: 28/28
 50561 | Zot:1    | You fall into a shaft and drop 1 floor!
 52284 | Zot:3    | Noticed an orb of fire
 52291 | Zot:3    | Killed an orb of fire
 52660 | Zot:4    | Reached skill level 24 in Unarmed Combat
 52833 | Zot:4    | Noticed an orb of fire
 52845 | Zot:4    | Gained mutation: You are clumsy. (Dex -2) [an orb of fire]
 52847 | Zot:4    | Killed an orb of fire
 53184 | Zot:4    | Upgraded the game from 0.31-a0-659-gc5a091b79a to
                  | 0.31-a0-662-g684573625c
 53187 | Zot:5    | Entered Level 5 of the Realm of Zot
 53585 | Zot:5    | Noticed an orb of fire
 54064 | Zot:5    | Noticed an orb of fire
 54064 | Zot:5    | Noticed an orb of fire
 54065 | Zot:5    | Noticed a dread lich
 54066 | Zot:5    | Gained mutation: You occasionally lose the ability to drink
                  | potions when taking damage. [an orb of fire]
 54066 | Zot:5    | Noticed an orb of fire
 54067 | Zot:5    | Killed an orb of fire
 54067 | Zot:5    | Gained mutation: You are dopey. (Int -2) [an orb of fire]
 54067 | Zot:5    | Gained mutation: You sometimes lose the ability to drink
                  | potions when taking damage. [an orb of fire]
 54067 | Zot:5    | Gained mutation: You are very clumsy. (Dex -4) [an orb of
                  | fire]
 54068 | Zot:5    | Killed an orb of fire
 54068 | Zot:5    | Gained mutation: Your magical capacity is very low. (-20%
                  | MP) [an orb of fire]
 54069 | Zot:5    | Killed a dread lich
 54069 | Zot:5    | Killed an orb of fire
 54073 | Zot:5    | Gained mutation: Your magical capacity is extremely low.
                  | (-30% MP) [an orb of fire]
 54075 | Zot:5    | Killed an orb of fire
 54198 | Zot:4    | Lost mutation: You are dopey. (Int -2) [potion of mutation]
 54198 | Zot:4    | Lost mutation: You possess an exceptional clarity of mind.
                  | [potion of mutation]
 54198 | Zot:4    | Lost mutation: Your magical capacity is extremely low.
                  | (-30% MP) [potion of mutation]
 54199 | Zot:4    | Lost mutation: Your magical capacity is very low. (-20% MP)
                  | [potion of mutation]
 54199 | Zot:4    | Lost mutation: You have very sharp teeth. [potion of
                  | mutation]
 54199 | Zot:4    | Lost mutation: Your magical capacity is low. (-10% MP)
                  | [potion of mutation]
 54200 | Zot:4    | Lost mutation: Your body sometimes deteriorates upon taking
                  | damage. [potion of mutation]
 54200 | Zot:4    | Lost mutation: You sometimes lose the ability to read
                  | scrolls when taking damage. [potion of mutation]
 54200 | Zot:4    | Lost mutation: You occasionally shout uncontrollably at
                  | your foes. [potion of mutation]
 54200 | Zot:4    | Gained mutation: Your spells are a little easier to cast,
                  | but a little less powerful. [potion of mutation]
 54200 | Zot:4    | Lost mutation: You are very clumsy. (Dex -4) [potion of
                  | mutation]
 54200 | Zot:4    | Gained mutation: You have a pair of small antennae on your
                  | head. [potion of mutation]
 54201 | Zot:4    | Lost mutation: You occasionally lose the ability to read
                  | scrolls when taking damage. [potion of mutation]
 54201 | Zot:4    | Lost mutation: You have a pair of small antennae on your
                  | head. [potion of mutation]
 54201 | Zot:4    | Gained mutation: Your body sometimes deteriorates upon
                  | taking damage. [potion of mutation]
 54201 | Zot:4    | Gained mutation: You sometimes lose your temper in combat.
                  | [potion of mutation]
 54201 | Zot:4    | Gained mutation: You are dopey. (Int -2) [potion of
                  | mutation]
 54202 | Zot:4    | Lost mutation: Your spells are a little easier to cast, but
                  | a little less powerful. [potion of mutation]
 54202 | Zot:4    | Lost mutation: You sometimes lose the ability to drink
                  | potions when taking damage. [potion of mutation]
 54202 | Zot:4    | Lost mutation: You occasionally lose the ability to drink
                  | potions when taking damage. [potion of mutation]
 54202 | Zot:4    | Lost mutation: You are dopey. (Int -2) [potion of mutation]
 54202 | Zot:4    | Gained mutation: You are somewhat resistant to further
                  | mutation. [potion of mutation]
 54665 | Zot:5    | Got the Orb of Zot
 54743 | Zot:3    | Noticed Etukal the pandemonium lord
 54743 | Zot:3    | Noticed an ancient lich
 54752 | Zot:3    | Killed Etukal the pandemonium lord
 54759 | Zot:3    | Killed an ancient lich
 55002 | D:15     | Gained mutation: You occasionally shout uncontrollably at
                  | your foes. [a cacodemon]
 55030 | D:15     | Lost mutation: You are somewhat resistant to further
                  | mutation. [potion of mutation]
 55030 | D:15     | Lost mutation: You are clumsy. (Dex -2) [potion of
                  | mutation]
 55030 | D:15     | Lost mutation: You sometimes lose your temper in combat.
                  | [potion of mutation]
 55030 | D:15     | Gained mutation: Your magical capacity is low. (-10% MP)
                  | [potion of mutation]
 55030 | D:15     | Gained mutation: You are clumsy. (Dex -2) [potion of
                  | mutation]
 55030 | D:15     | Gained mutation: You are somewhat resistant to further
                  | mutation. [potion of mutation]
 55055 | D:12     | Noticed Yngot the pandemonium lord
 55055 | D:12     | Noticed an ancient lich
 55300 | D:$      | Escaped with the Orb!

Illustrated notes

Levels and vault maps discovered:
D:1:      shiori_shiawase, layout_loops_cross, minmay_tromino_mix6
D:2:      layout_loops_ring, basic_altar, nicolae_hexahallways
D:3:      layout_loops_ring, mainiacjoe_overflow_cross_hatched, tso_altar,
          portal_sewer_entry_a, shapermc_ecumenical_altar_totnotflames,
          minmay_starry_boxes, uniq_robin, uniq_ijyb, uniq_sigmund
D:4:      layout_basic, bloody_makhleb, minmay_temple_entry_overgrown,
          uniq_natasha
D:5:      layout_basic, mainiacjoe_overflow_chevrons, kennysheep_another_room,
          kennysheep_crisscross, pf_guarded_unrand_meek
D:6:      layout_basic, amcnicky_altar_gilded, mainiacjoe_overflow_catwalk,
          mainiacjoe_overflow_surrounded_room, serial_shops, shop,
          feat_on_display
D:7:      layout_gridville, serial_shops, nicolae_square_shop
D:8:      layout_basic, jmf_multi_god_temple2
D:9:      hangedman_cross_stitches, layout_irregular_city, serial_shops,
          nicolae_shop_trees, shop, nicolae_shop_gibbet_a_chance
D:10:     layout_loops_ring, minmay_pinched_square
D:11:     layout_rooms, david_lair_shrubbed, nzn_ghost_randoct,
          minmay_misc_feat_cross
D:12:     orc_temple, layout_basic, orc_david_3, gammafunk_ghost_hydra_chop,
          okawaru_ov_weapons_minmay
D:13:     layout_cave_pods, hellmonk_vaults_order_and_chaos, minmay_shop_chei,
          roderic_batcave, kennysheep_four_rooms
D:14:     layout_big_octagon, chequers_decorated_corner, nrook_loot_triangle
D:15:     hangedman_depths_entry_try_elsewhere_first, layout_layer_cave,
          hangedman_decor_riveting
Temple:   cyrus_circular_temple
Lair:1:   layout_loops_ring, enter_volcano_2
Lair:2:   layout_hall_layers, minmay_shoals_entry_beasts,
          spider_nest_entry_funnel_web, gammafunk_ghost_split,
          grunt_megastairs_1, uniq_maggie
Lair:3:   layout_hall_layers, serial_bayou_shore_b
Lair:4:   layout_gridlike, slime_entry_1, tgw_fedhas
Lair:5:   grunt_lair_end_beastmaster, layout_cave_pods, serial_bayou,
          serial_bayou_lake_a, serial_bayou_shore_a, serial_bayou_pond_e,
          serial_bayou_pond_c, serial_bayou_pond_d,
          gammafunk_ghost_wrathful_warriors
Shoals:1: layout_shoals
Shoals:2: layout_shoals, nicolae_alphabet_shops,
          nicolae_shoals_the_drawing_of_the_three, uniq_polyphemus,
          uniq_frances, uniq_ilsuiw
Shoals:3: cheibrodos_shoals_baths, layout_shoals
Shoals:4: shoals_end_grunt_ice, layout_shoals, serial_shops, shop,
          uniq_mlioglotl, uniq_bai_suzhen
Spider:1: layout_spider_delve, uniq_roxanne
Spider:2: layout_spider_delve, hangedman_spider_tarantella_strand, uniq_arachne
Spider:3: nicolae_spider_brood_tunnel, hellmonk_spider_spawner
Spider:4: hellmonk_spider_rune_endless_swarm, worms_lemuel, uniq_aizul
Orc:1:    layout_diamond_mine, serial_shops, shop,
          nicolae_shop_industrial_runoff, shop, shop,
          gammafunk_ghost_stat_death, nicolae_specific_store, bh_open_orc_temple
Orc:2:    kennysheep_orc_mage_school, layout_caves, basic_altar,
          gauntlet_entry_generic
Elf:1:    nicolae_elf_arrival_dilemma, layout_geoelf_diagonals, orc_legates
Elf:2:    nicolae_elf_blades_crystal_corner, layout_geoelf_octagon
Vaults:1: dpeg_vaults_monster_box, dpeg_vaults_monster_row, v_rooms_6,
          vaults_dpeg_encased_lava, ontoclasm_vaults_tryst,
          nicolae_vaults_specimen_jars, vaults_mumra_hexcomb, v_misc_14,
          layout_vaults_omnigrid
Vaults:2: nicolae_vaults_apartment_1, v_misc_24, nicolae_vaults_apartment_1,
          v_misc_17, hangedman_vaults_capsules, hangedman_vaults_corner_blocks,
          grunt_vaults_twisty, hangedman_vaults_nails, v_pattern_3,
          layout_vaults_big_room, serial_shops, shop
Vaults:3: nicolae_vaults_big_ls, minmay_crypt_entry_vampire_xt,
          nicolae_vaults_corridor_and_loot_room, v_misc_25,
          hangedman_vaults_nodes, nicolae_vaults_little_ls, v_alt_pattern_1,
          nicolae_vaults_network_s, vaults_room_fancy_cross,
          nicolae_vaults_house_3, nicolae_vaults_diamond_2,
          nicolae_vaults_closet_pinwheel_4, nicolae_vaults_border_crossing,
          layout_vaults_maze_bifur
Vaults:4: portal_desolation_entry_twin_temple, v_rooms_5,
          hangedman_vaults_cutoff, ontoclasm_vaults_gateway,
          vaults_room_hallway, nicolae_vaults_tetromino_L_1,
          hangedman_vaults_stream, ontoclasm_vaults_pinch,
          nicolae_vaults_shelves_hall, nicolae_vaults_quartermaster,
          vaults_dpeg_doors, hangedman_vaults_cutoff, layout_vaults_ring
Depths:1: layout_gridlike, enter_ziggurat_f, grunt_hell_entry_demonic_statue,
          serial_glass, glass_columns_b, glass_columns_a, due_unseen_surprise,
          minmay_shoptagon
Depths:2: kennysheep_green_arena, layout_long_grid, hellmouth_1, serial_sigils,
          serial_sigils_hangedman_leer, serial_sigils_hangedman_quiver,
          serial_sigils_hangedman_gut, serial_sigils_hangedman_etch,
          serial_sigils_hangedman_confine, pan_entry, lemuel_tele_altar,
          nicolae_abyss_entry_one_way_or_another
Depths:3: kennysheep_demon_jail, layout_gridlike, hell_entry, abyss_entry,
          nicolae_uskayaw_en_pointe, serial_bayou, serial_bayou_ford_a,
          serial_bayou_pond_e, serial_bayou_lagoon_a, serial_bayou_pond_e,
          infiniplex_staircase_pool_2
Depths:4: grunt_zot_entry_pinwheel, layout_twisted_cross, dk_noncrumbling_2,
          pf_dread_powers_of_hell, nicolae_the_louvre, serial_bayou_shore_b
Zot:1:    layout_onion, hangedman_zot_diagonal_lockstep, st_stairs_12
Zot:2:    layout_basic, evilmike_ambush [evilmike_ambush_outer_doors,
          evilmike_ambush_inner_basic]
Zot:3:    layout_cathedral_of_symmetry
Zot:4:    layout_misc_corridors
Zot:5:    layout_misc_corridors, hangedman_zot_decor_unnerving_road

Skill      XL: |  1  2  3  4  5  6  7  8  9 10 11 12 13 14 15 16 17 18 19 20 21 22 23 24 25 26 27 |
---------------+----------------------------------------------------------------------------------+-----
Unarmed Combat | 4 5 6 7 8 10 11 12 13 14 15 16 18 19 20 21 22 23 24 | 24.8
Shapeshifting  | 4 5 6 7 8 9 10 11 12 13 15 17 18 19 20 21 23 | 23.2
Stealth        | 2 3 4 6 7 9 10 11 13 14 15 16 18 19 20 22 | 22.5
Evocations     | 1 2 3 4 6 7 8 9 10 11 12 13 14 15 16 | 16.8
Dodging        | 2 3 4 5 6 7 8 9 10 11 12 13 14 15 16 17 | 17.3
Fighting       | 2 3 4 5 6 7 8 9 10 11 12 13 14 15 16 17 18 19 20 21 | 21.9
Invocations    | 1 2 3 5 6 7 8 9 10 11 12 | 12.0

Action                     |  1- 3 |  4- 6 |  7- 9 | 10-12 | 13-15 | 16-18 | 19-21 | 22-24 | 25-27 || total
---------------------------+-------+-------+-------+-------+-------+-------+-------+-------+-------++-------
  Melee: Unarmed           |    63 |    58 |   279 |   529 |   664 |   706 |   769 |   663 |  1131 ||  4862
         Punch             |     1 |     1 |     7 |     9 |    85 |    84 |    98 |   107 |   176 ||   568
         Maw               |       |       |       |    59 |   334 |    92 |       |       |       ||   485
         Constrict         |       |       |       |       |   173 |   178 |   183 |   153 |   200 ||   887
         Bite              |       |       |       |       |       |    76 |   114 |    95 |   147 ||   432
         Tailslap          |       |       |       |       |       |       |       |       |     2 ||     2
 Invoke: Slouch            |       |       |       |     4 |     2 |     8 |     6 |     2 |    15 ||    37
         Step From Time    |       |       |       |       |     1 |       |     1 |     1 |     2 ||     5
         Bend Time         |       |       |       |       |     1 |       |       |       |       ||     1
         Temporal Distorti |       |       |       |       |       |     1 |       |     1 |     2 ||     4
Ability: Spit Poison       |    36 |    24 |    46 |    24 |    44 |    31 |    31 |    24 |    15 ||   275
  Evoke: Wand              |       |     1 |     2 |     2 |    18 |    18 |    15 |     4 |     6 ||    66
         Lightning rod     |       |       |       |     1 |     4 |     3 |     5 |       |     2 ||    15
         Box of beasts     |       |       |       |       |     1 |       |       |       |       ||     1
         Tin of tremorston |       |       |       |       |       |       |       |       |     1 ||     1
    Use: Potion            |     1 |     1 |     1 |     4 |     2 |     4 |     2 |     3 |    10 ||    28
         Scroll            |       |     6 |    13 |     8 |    12 |     4 |     6 |     3 |    10 ||    62
   Stab: Petrified         |       |       |       |     2 |       |       |       |       |       ||     2
         Distracted        |       |       |       |     3 |     1 |     6 |     3 |     5 |    15 ||    33
         Sleeping          |       |       |       |     2 |    13 |    20 |    32 |    24 |    20 ||   111
         Petrifying        |       |       |       |       |       |       |       |       |     1 ||     1
         Paralysed         |       |       |       |       |       |       |       |       |     1 ||     1
 Armour: Ring mail         |    17 |    17 |    96 |    92 |       |       |       |       |       ||   222
         Skin              |    37 |       |       |    63 |   314 |   724 |   684 |   381 |  1263 ||  3466
         Troll leather arm |       |       |       |   217 |    11 |       |       |       |       ||   228
  Dodge: Dodged            |    24 |    28 |   148 |   381 |   372 |   918 |  1395 |   741 |  1753 ||  5760
   Form: Flux              |       |       |     1 |       |       |       |       |       |       ||     1
         Maw               |       |       |       |     1 |     3 |       |       |       |       ||     4
         Blade             |       |       |       |       |     3 |       |       |       |       ||     3
                           |       |       |       |       |     1 |       |       |       |       ||     1
         Statue            |       |       |       |       |       |     1 |       |       |     1 ||     2
         Dragon            |       |       |       |       |       |       |       |       |     1 ||     1

Table legend: (Time is in decaauts)
 A = Elapsed time spent in this place.
 B = Non-inter-level travel time spent in this place.
 C = Inter-level travel time spent in this place.
 D = Time resting spent in this place.
 E = Time spent auto-exploring this place.
 F = Levels seen in this place.
 G = Mean time per level.
                   A        B        C        D        E       F      G
               +--------+--------+--------+--------+--------+-----+--------+
         Total | 120093 | 104947 |  15146 |  16715 |  10181 |  53 | 2265.9 |
       Dungeon |  31751 |  25494 |   6257 |   3627 |   2202 |  15 | 2116.7 |
        Temple |     15 |     15 |      0 |      0 |      0 |   1 |   15.0 |
          Lair |  12946 |  10524 |   2422 |    957 |    752 |   5 | 2589.2 |
        Shoals |  11727 |  10838 |    889 |   2830 |   2102 |   4 | 2931.8 |
   Spider Nest |  10082 |   9434 |    648 |   3046 |   1152 |   4 | 2520.5 |
  Orcish Mines |   4203 |   3165 |   1038 |    251 |    187 |   2 | 2101.5 |
   Elven Halls |   5661 |   5438 |    223 |   1232 |    303 |   2 | 2830.5 |
        Vaults |  11653 |  10362 |   1291 |   1171 |    738 |   4 | 2913.2 |
        Depths |  13144 |  11201 |   1943 |    974 |   1986 |   4 | 3286.0 |
           Zot |  11024 |  10592 |    432 |   1757 |    661 |   5 | 2204.8 |
         Abyss |   3591 |   3591 |      0 |    171 |      0 |   3 | 1197.0 |
         Sewer |    262 |    262 |      0 |    104 |      0 |   1 |  262.0 |
       Volcano |   1181 |   1181 |      0 |    459 |      0 |   1 | 1181.0 |
    Desolation |   1888 |   1888 |      0 |     57 |     96 |   1 | 1888.0 |
      Gauntlet |    959 |    959 |      0 |     76 |      0 |   1 |  959.0 |
               +--------+--------+--------+--------+--------+-----+--------+

Top non-repeatable levels by time:
    D:15: 3653 daAuts
 Abyss:3: 3557 daAuts
Depths:2: 3481 daAuts
Vaults:1: 3417 daAuts
    D:11: 3372 daAuts
Vaults:3: 3331 daAuts
Depths:1: 3306 daAuts
Shoals:3: 3298 daAuts
Depths:3: 3229 daAuts
    D:12: 3196 daAuts
Shoals:2: 3141 daAuts
Depths:4: 3127 daAuts
    D:13: 3093 daAuts
  Lair:4: 2944 daAuts
   Elf:1: 2894 daAuts
